 Dungeon Crawl Stone Soup version 0.31-a0-325-g067879e3d3 (webtiles) character file.

Game seed: 6180199178530629925

626 porpoise the Skirmisher (level 7, -2/44 HPs)
             Began as a Kobold Hunter on July 19, 2023.
             Slain by an ogre
             ... wielding a +0 giant spiked club
              (22 damage)
             ... on level 5 of the Dungeon.
             The game lasted 00:08:56 (3104 turns).

porpoise the Skirmisher (Kobold Hunter)             Turns: 3104, Time: 00:08:57

Health: -2/44      AC:  6    Str:  5    XL:     7   Next: 76%
Magic:  7/7        EV: 15    Int: 11    God:
Gold:   135        SH:  0    Dex: 26    Spells: 6/6 levels left

rFire   . . .        a - +6 sling of Untruth {drain, Will+++ Str-3 Dex+6 SInv}
rCold   + . .        (no shield)
rNeg    . . .        c - +0 leather armour
rPois   .            i - +0 helmet
rElec   .            s - +0 cloak
rCorr   .            (no gloves)
SInv    +            w - +0 pair of boots
Will    +++..        p - amulet of regeneration
Stlth   +++          u - ring of protection from cold
HPRegen 1.07/turn    (no ring)
MPRegen 0.10/turn

%: no passive effects
@: no status effects
A: small, no large weapons, nightstalker 3
a: no special abilities


You were on level 5 of the Dungeon.
You visited 1 branch of the dungeon, and saw 6 of its levels.

You collected 135 gold pieces.

Inventory:

Hand Weapons
 a - the +6 sling of Untruth (weapon) {drain, Will+++ Str-3 Dex+6 SInv}
   (You found it on level 2 of the Dungeon)

   Str:       It affects your strength (-3).
   Dex:       It affects your dexterity (+6).
   SInv:      It lets you see invisible.
   Will:      It greatly increases your willpower.
 b - a +2 whip of electrocution
 r - a +0 shortbow
Missiles
 e - 15 poisoned darts
 t - 6 atropa-tipped darts
Armour
 c - a +0 leather armour (worn)
 i - a +0 helmet (worn)
 s - a +0 cloak (worn)
 w - a +0 pair of boots (worn)
Jewellery
 p - an amulet of regeneration (around neck)
 u - a ring of protection from cold (left hand)
 z - a ring of fire
Talismans
 n - a beast talisman
Wands
 y - a wand of quicksilver (3)
Scrolls
 j - a scroll of butterflies
 k - a scroll of teleportation
 o - 2 scrolls of noise {unknown}
 q - a scroll of fog {unknown}
 x - 2 scrolls of enchant weapon {unknown}
 A - a scroll of blinking {unknown}
Potions
 d - a potion of haste {unknown}
 f - a potion of berserk rage {unknown}
 g - a potion of cancellation {unknown}
 h - 3 potions of curing
 l - 7 potions of brilliance
 m - 2 potions of heal wounds {unknown}
 v - a potion of might {unknown}


   Skills:
 + Level 5.3 Fighting
 * Level 10.0 Ranged Weapons
 - Level 2.4 Dodging
 - Level 1.3 Stealth


You had 6 spell levels left.
You didn't know any spells.
Your spell library contained the following spells:

 Spells                   Type           Power      Damage    Failure   Level
 Sting                    Tmut/Pois      0%         1d3       52%         1
 Ensorcelled Hibernation  Hex/Ice        0%         N/A       65%         2
 Passwall                 Tmut/Erth      0%         N/A       65%         2
 Poisonous Vapours        Pois/Air       0%         N/A       65%         2
 Swiftness                Air            0%         N/A       87%         3
 Olgreb's Toxic Radiance  Pois           0%         N/A       99%         4


Dungeon Overview and Level Annotations

Branches:
Dungeon (6/15)
 Temple: D:4-7

Altars:
Cheibriados
Fedhas

Annotations:
D:4 1 runed translucent door, XomNomNom's ghost, amateur DrMo


Innate Abilities, Weirdness & Mutations

You are small and have problems with some larger weapons.
You are completely attuned to the shadows.


Message History

The ogre is moderately wounded.
You shoot a sling bullet. The sling bullet hits the ogre.
You drain the ogre.
The ogre is severely wounded.
You shoot a sling bullet.
The sling bullet closely misses the ogre.
You shoot a sling bullet.
The sling bullet barely misses the ogre.
The ogre hits you with a +0 giant spiked club!
You shoot a sling bullet.
The sling bullet closely misses the ogre.
The ogre closely misses you.
You shoot a sling bullet. The sling bullet hits the ogre.
The ogre is severely wounded.
You hear a shout!
You hear a howl!
A howler monkey comes into view.
A centaur comes into view.
You shoot a sling bullet.
The sling bullet barely misses the ogre.
The sling bullet hits the howler monkey.
The howler monkey is lightly wounded.
The centaur wields a +0 orcbow.
The centaur shoots an arrow.
The arrow misses you. The ogre barely misses you.
You shoot a sling bullet.
The sling bullet barely misses the ogre.
The sling bullet closely misses the howler monkey.
The centaur shoots an arrow.
The arrow misses you.
The centaur shoots an arrow.
The arrow hits you! The ogre misses you.
You shoot a sling bullet.
The sling bullet hits the ogre but does no damage.
You drain the ogre.
The ogre is almost dead.
The centaur shoots an arrow.
The arrow barely misses you.
The howler monkey hoots and howls with incredible vigour!
You hear an angry hiss. x2; You hear a bark!
You shoot a sling bullet.
The sling bullet closely misses the ogre.
The centaur shoots an arrow.
The arrow hits you!
A water moccasin comes into view.
The ogre hits you with a +0 giant spiked club!!
Ouch! That really hurt!
You die...

....## #.
.....###....
c....#.....#
S..Oh.......
#.@.......
###..>....
##.....#
#.##... ###
... .#
##.##.##
.......#.
.........


You could see a water moccasin, an ogre (very drained), a centaur and a howler
monkey (catching breath).

Vanquished Creatures
  Menkaure (D:4)
  An ice beast (D:6)
  A black bear (D:6)
  A bullfrog (D:6)
  Crazy Yiuf (D:2)
  A hound (D:6)
  Jessica (D:2)
  An iguana (D:6)
  An orc wizard (D:4)
  3 adders
  2 adder zombies (D:2)
  A worm (D:2)
  2 dart slugs
  4 orcs
  5 ball pythons
  6 bats
  A bat skeleton (D:2)
  A bat zombie (D:2)
  9 endoplasms
  3 giant cockroaches
  9 goblins
  5 hobgoblins
  2 jackals (D:1)
  5 kobolds
  6 quokkas
  A ball python skeleton (D:2)
  4 ball python zombies (D:2)
  3 frilled lizards
  A giant cockroach zombie (D:2)
  A jackal zombie (D:2)
  2 rats
85 creatures vanquished.

Notes
Turn   | Place    | Note
-------+----------+-------------------------------------------
     0 | D:1      | porpoise the Kobold Hunter began the quest for the Orb.
     0 | D:1      | Reached XP level 1. HP: 12/12 MP: 1/1
   263 | D:1      | Reached XP level 2. HP: 18/18 MP: 2/2
   650 | D:1      | Reached skill level 6 in Ranged Weapons
   796 | D:2      | Reached XP level 3. HP: 22/22 MP: 3/3
   827 | D:2      | Noticed Jessica
   832 | D:2      | Killed Jessica
   833 | D:2      | Reached XP level 4. HP: 16/28 MP: 4/4
   965 | D:2      | Found a faded altar of an unknown god.
  1078 | D:2      | Identified the +6 sling of Untruth {drain, Will+++ Str-3
                  | Dex+6 SInv}
  1418 | D:2      | Found a runed translucent door.
  1421 | D:2      | Noticed Crazy Yiuf
  1425 | D:2      | Killed Crazy Yiuf
  1426 | D:2      | Reached skill level 7 in Ranged Weapons
  1426 | D:2      | Reached XP level 5. HP: 28/32 MP: 5/5
  1487 | D:3      | Found a snail-covered altar of Cheibriados.
  2006 | D:3      | Found a blossoming altar of Fedhas.
  2352 | D:4      | Noticed Menkaure
  2359 | D:4      | Killed Menkaure
  2360 | D:4      | Reached skill level 8 in Ranged Weapons
  2360 | D:4      | Reached XP level 6. HP: 27/39 MP: 6/6
  2475 | D:4      | Found a runed translucent door.
  2480 | D:4      | Noticed XomNomNom's ghost (amateur DrMo)
  2647 | D:4      | You fall into a shaft and drop 2 floors!
  2765 | D:6      | Reached skill level 9 in Ranged Weapons
  2765 | D:6      | Reached XP level 7. HP: 44/44 MP: 7/7
  2833 | D:5      | Entered Level 5 of the Dungeon
  2854 | D:6      | Reached skill level 5 in Fighting
  3079 | D:6      | Reached skill level 10 in Ranged Weapons
  3104 | D:5      | Noticed a water moccasin
  3104 | D:5      | Slain by an ogre

Illustrated notes

Levels and vault maps discovered:
D:1:      onia_arrival_pyramid, layout_basic, serial_bayou_pond_d
D:2:      layout_basic, serial_undead, serial_undead_a, serial_undead_f,
          serial_undead_c, serial_undead_d, serial_undead_d, serial_undead_d,
          serial_undead_a, shapermc_ecumenical_altar_acropolis, uniq_jessica,
          uniq_crazy_yiuf_cottage
D:3:      layout_basic, mainiacjoe_overflow_paths, fedhas_altar_fruit_tree,
          minmay_misc_feat_iff
D:4:      layout_loops_ring, elyvilon_altar_5, hellmonk_ghost_happy_afterlife,
          uniq_duvessa, uniq_menkaure
D:5:      layout_cave_pools, minmay_temple_entry_mist, serial_shops, shop
D:6:      cheibrodos_barr_body, layout_basic, makhleb_altar_promises_db

Skill      XL: |  1  2  3  4  5  6  7 |
---------------+----------------------+-----
Ranged Weapons | 6 7 8 9 10 | 10.0
Fighting       | 3 4 5 |  5.3
Dodging        | |  2.4
Stealth        | |  1.3

Action                     |  1- 3 |  4- 6 |  7- 9 || total
---------------------------+-------+-------+-------++-------
   Fire: Shortbow          |    37 |    31 |       ||    68
         Sling             |       |   117 |    27 ||   144
    Use: Scroll            |       |     3 |       ||     3
 Armour: Leather armour    |     5 |     6 |     2 ||    13
  Dodge: Dodged            |    10 |    37 |     8 ||    55

Table legend: (Time is in decaauts)
 A = Elapsed time spent in this place.
 B = Non-inter-level travel time spent in this place.
 C = Inter-level travel time spent in this place.
 D = Time resting spent in this place.
 E = Time spent auto-exploring this place.
 F = Levels seen in this place.
 G = Mean time per level.
                   A        B        C        D        E       F      G
               +--------+--------+--------+--------+--------+-----+--------+
         Total |   3126 |   3086 |     40 |    254 |   2357 |   6 |  521.0 |
       Dungeon |   3126 |   3086 |     40 |    254 |   2357 |   6 |  521.0 |
               +--------+--------+--------+--------+--------+-----+--------+

Top non-repeatable levels by time:
     D:3: 891 daAuts
     D:1: 796 daAuts
     D:2: 674 daAuts
     D:6: 441 daAuts
     D:4: 307 daAuts
     D:5: 15 daAuts
